XFBL
LOS ANGELES DODGERS @ HOUSTON ASTROS
04/13/1982
 
TOP OF THE 1ST
Los Angeles Dodgers batting - Pitching for Houston Astros : RHP Ramon Molina
Pitching: RHP Ramon Molina
Batting: RHB Billy Sample 0-0: Fly out, F6 (Flyball, 6D, EV 85.0 MPH)
Batting: RHB Carney Lansford 0-0: SINGLE (Line Drive, 7S, EV 105.6 MPH)
Batting: RHB Dick Davis 0-0: Called Strike
0-1: Swinging Strike
0-2: Ball
Carney Lansford steals 2nd base
1-2: Ball
2-2: Ball
3-2: Strikes out swinging
Batting: RHB Jerry Keller 0-0: Ball
1-0: Ground out 4-3 (Groundball, 4, EV 98.1 MPH)
Top of the 1st over - 0 runs, 1 hit, 0 errors, 1 left on base; Los Angeles 0 - Houston 0
BOTTOM OF THE 1ST
Houston Astros batting - Pitching for Los Angeles Dodgers : RHP Mike Scott
Pitching: RHP Mike Scott
Batting: RHB Mickey Hatcher 0-0: Ball
1-0: Called Strike
1-1: Ball
2-1: Swinging Strike
2-2: Fly out, F8 (Line Drive, 8LD, EV 85.6 MPH)
Batting: RHB John Castino 0-0: Ball
1-0: Ball
2-0: Ball
3-0: Called Strike
3-1: Ground out 3-1 (Groundball, 34, EV 105.6 MPH)
Batting: LHB Jose Cruz 0-0: Called Strike
0-1: Foul Ball, location: 2F
0-2: Fly out, F7 (Flyball, 7LD, EV 100.6 MPH)
Bottom of the 1st over - 0 runs, 0 hits, 0 errors, 0 left on base; Los Angeles 0 - Houston 0
TOP OF THE 2ND
Los Angeles Dodgers batting - Pitching for Houston Astros : RHP Ramon Molina
Batting: RHB Gary Gaetti 0-0: Ball
1-0: Ball
2-0: Ball
3-0: Called Strike
3-1: Base on Balls
Batting: SHB Chris W Smith 0-0: Fly out, F6 (Popup, 6, EV 61.9 MPH)
Batting: RHB Toby Harrah 0-0: Ball
1-0: Ball
2-0: Ball
3-0: Called Strike
3-1: Fly out, F8 (Flyball, 78S, EV 74.4 MPH)
Batting: RHB Roberto Reyes 0-0: Ball
1-0: Foul Ball, location: 2F
1-1: Called Strike
1-2: Ball
2-2: Foul Ball, location: 2F
2-2: DOUBLE (Flyball, 8LXD, EV 100.0 MPH)
Gary Gaetti to third
Gary Gaetti scores
Batting: RHB Mike Scott 0-0: TRIPLE (Flyball, 78XD, EV 95.0 MPH)
Roberto Reyes scores
Batting: RHB Billy Sample 0-0: Ball
1-0: Ball
2-0: Ball
3-0: Base on Balls
Batting: RHB Carney Lansford 0-0: Ball
1-0: Ball
2-0: Ball
3-0: Base on Balls
Billy Sample to second
Batting: RHB Dick Davis 0-0: Ball
1-0: Foul Ball, location: 2F
1-1: Ball
2-1: Ball
3-1: Swinging Strike
3-2: Base on Balls
Mike Scott scores
Billy Sample to third
Carney Lansford to second
Batting: RHB Jerry Keller 0-0: Ball
1-0: Ball
2-0: Ball
3-0: Base on Balls
Billy Sample scores
Carney Lansford to third
Dick Davis to second
Batting: RHB Gary Gaetti 0-0: Swinging Strike
0-1: Ball
1-1: Ball
2-1: Ball
Wild Pitch!
Carney Lansford scores
Dick Davis to third
Jerry Keller to second
3-1: Foul Ball, location: 2F
3-2: Strikes out looking
Top of the 2nd over - 5 runs, 2 hits, 0 errors, 2 left on base; Los Angeles 5 - Houston 0
BOTTOM OF THE 2ND
Houston Astros batting - Pitching for Los Angeles Dodgers : RHP Mike Scott
Batting: RHB Julio Franco 0-0: Ball
1-0: Ball
2-0: Fly out, F9 (Flyball, 9LM, EV 101.9 MPH)
Batting: SHB Christopher Clark 0-0: Ball
1-0: Fly out, F7 (Line Drive, 7, EV 91.3 MPH)
Batting: RHB Zail Smith 0-0: Ball
1-0: Foul Ball, location: 2F
1-1: Called Strike
1-2: Fly out, F7 (Flyball, 7, EV 75.0 MPH)
Bottom of the 2nd over - 0 runs, 0 hits, 0 errors, 0 left on base; Los Angeles 5 - Houston 0
TOP OF THE 3RD
Los Angeles Dodgers batting - Pitching for Houston Astros : RHP Ramon Molina
Batting: SHB Chris W Smith 0-0: Reached on error, E6 (Groundball, 56, EV 100.6 MPH)
Batting: RHB Toby Harrah 0-0: Called Strike
0-1: Called Strike
0-2: Foul Ball, location: 2F
0-2: Ball
1-2: Ball
2-2: Foul Ball, location: 2F
2-2: Foul Ball, location: 2F
2-2: SINGLE (Groundball, 56S, EV 66.9 MPH) (infield hit)
Chris W Smith to second
Batting: RHB Roberto Reyes 0-0: Grounds into double play, 6-4-3 (Groundball, 56, EV 78.1 MPH)
Chris W Smith to third
Batting: RHB Mike Scott 0-0: Called Strike
0-1: Ball
1-1: Swinging Strike
1-2: Strikes out swinging
Top of the 3rd over - 0 runs, 1 hit, 1 error, 1 left on base; Los Angeles 5 - Houston 0
BOTTOM OF THE 3RD
Houston Astros batting - Pitching for Los Angeles Dodgers : RHP Mike Scott
Batting: RHB Dave Valle 0-0: Foul Ball, location: 2F
0-1: Called Strike
0-2: Ball
1-2: Ball
2-2: Ground out 1-3 (Groundball, P, EV 67.5 MPH)
Batting: RHB Ricky Adams 0-0: Ground out 6-3 (Groundball, 6S, EV 83.8 MPH)
Batting: SHB Ramon Molina 0-0: Ball
1-0: Called Strike
1-1: Swinging Strike
1-2: Strikes out looking
Bottom of the 3rd over - 0 runs, 0 hits, 0 errors, 0 left on base; Los Angeles 5 - Houston 0
TOP OF THE 4TH
Los Angeles Dodgers batting - Pitching for Houston Astros : RHP Ramon Molina
Batting: RHB Billy Sample 0-0: Ball
1-0: Called Strike
1-1: Ball
2-1: Ball
3-1: Base on Balls
Batting: RHB Carney Lansford 0-0: Ball
1-0: Ball
2-0: Fly out, F8 (Line Drive, 8LD, EV 88.8 MPH)
Runner from 1st tags up, SAFE at 2nd
Batting: RHB Dick Davis 0-0: Called Strike
0-1: Ground out 6-3 (Groundball, 6, EV 90.0 MPH)
Billy Sample to third
Batting: RHB Jerry Keller 0-0: Ball
1-0: Swinging Strike
1-1: Foul Ball, location: 2F
1-2: Fly out, F7 (Flyball, 78D, EV 94.4 MPH)
Top of the 4th over - 0 runs, 0 hits, 0 errors, 1 left on base; Los Angeles 5 - Houston 0
BOTTOM OF THE 4TH
Houston Astros batting - Pitching for Los Angeles Dodgers : RHP Mike Scott
Batting: RHB Mickey Hatcher 0-0: Foul Ball, location: 2F
0-1: Ball
1-1: Fly out, F6 (Popup, 6M, EV 50.0 MPH)
Batting: RHB John Castino 0-0: Called Strike
0-1: Ball
1-1: Foul Ball, location: 2F
1-2: Ball
2-2: Ball
3-2: Ground out 5-3 (Groundball, 56, EV 90.0 MPH)
Batting: LHB Jose Cruz 0-0: Foul Ball, location: 2F
0-1: Ball
1-1: Ball
2-1: Fly out, F5 (Popup, 56, EV 71.3 MPH)
Bottom of the 4th over - 0 runs, 0 hits, 0 errors, 0 left on base; Los Angeles 5 - Houston 0
TOP OF THE 5TH
Los Angeles Dodgers batting - Pitching for Houston Astros : RHP Ramon Molina
Batting: RHB Gary Gaetti 0-0: SINGLE (Line Drive, 78S, EV 113.8 MPH)
Batting: SHB Chris W Smith 0-0: Called Strike
0-1: Ball
1-1: Foul Ball, location: 2F
1-2: Ball
Gary Gaetti steals 2nd base
2-2: Ball
3-2: Fly out, F8 (Line Drive, 8LM, EV 99.4 MPH)
Batting: RHB Toby Harrah 0-0: Ball
1-0: Called Strike
1-1: Ball
Gary Gaetti steals 3rd base
2-1: Ball
3-1: Ground out 6-3 (Groundball, 6MD, EV 103.1 MPH)
Gary Gaetti scores
Batting: RHB Roberto Reyes 0-0: Called Strike
0-1: Ball
1-1: Ground out 5-3 (Groundball, 5, EV 110.0 MPH)
Top of the 5th over - 1 run, 1 hit, 0 errors, 0 left on base; Los Angeles 6 - Houston 0
BOTTOM OF THE 5TH
Houston Astros batting - Pitching for Los Angeles Dodgers : RHP Mike Scott
Batting: RHB Julio Franco 0-0: Ball
1-0: Swinging Strike
1-1: Foul Ball, location: 2F
1-2: Ball
2-2: Ground out 4-3 (Groundball, 4M, EV 80.6 MPH)
Batting: SHB Christopher Clark 0-0: Ball
1-0: Called Strike
1-1: Foul Ball, location: 2F
1-2: Strikes out swinging
Batting: RHB Zail Smith 0-0: Ball
1-0: Swinging Strike
1-1: Ball
2-1: SINGLE (Line Drive, 89S, EV 104.4 MPH)
Batting: RHB Dave Valle 0-0: Ball
1-0: Swinging Strike
1-1: Called Strike
1-2: Foul Ball, location: 2F
1-2: Ball
2-2: Strikes out looking
Bottom of the 5th over - 0 runs, 1 hit, 0 errors, 1 left on base; Los Angeles 6 - Houston 0
TOP OF THE 6TH
Los Angeles Dodgers batting - Pitching for Houston Astros : RHP Ramon Molina
Batting: RHB Mike Scott 0-0: Fly out, F7 (Flyball, 78M, EV 92.5 MPH)
Batting: RHB Billy Sample 0-0: Foul Ball, location: 2F
0-1: Ball
1-1: Ground out 6-3 (Groundball, 6D, EV 106.3 MPH)
Pitching: RHP Gilberto Mendoza
Batting: RHB Carney Lansford 0-0: Ball
1-0: Ball
2-0: Ball
3-0: Swinging Strike
3-1: Called Strike
3-2: Foul Ball, location: 2F
3-2: Foul Ball, location: 2F
3-2: Strikes out swinging
Top of the 6th over - 0 runs, 0 hits, 0 errors, 0 left on base; Los Angeles 6 - Houston 0
BOTTOM OF THE 6TH
Houston Astros batting - Pitching for Los Angeles Dodgers : RHP Mike Scott
Batting: RHB Ricky Adams 0-0: Ball
1-0: Called Strike
1-1: Ball
2-1: Foul Ball, location: 2F
2-2: Ball
3-2: Foul Ball, location: 2F
3-2: Foul Ball, location: 2F
3-2: Foul Ball, location: 2F
3-2: Foul Ball, location: 2F
3-2: Foul Ball, location: 2F
3-2: SINGLE (Groundball, 6MD, EV 102.5 MPH)
Batting: RHB Gilberto Mendoza 0-0: Called Strike
0-1: Sac Bunt to 5S - play at first, batter OUT! 5-4
Ricky Adams to second
Batting: RHB Mickey Hatcher 0-0: Called Strike
Ricky Adams is caught stealing 3rd base 2-5
0-1: Ball
1-1: Ground out 5-3 (Groundball, 15, EV 86.9 MPH)
Bottom of the 6th over - 0 runs, 1 hit, 0 errors, 0 left on base; Los Angeles 6 - Houston 0
TOP OF THE 7TH
Los Angeles Dodgers batting - Pitching for Houston Astros : RHP Gilberto Mendoza
Batting: RHB Dick Davis 0-0: Called Strike
0-1: Ball
1-1: Swinging Strike
1-2: Strikes out swinging
Batting: RHB Jerry Keller 0-0: Called Strike
0-1: Foul Ball, location: 2F
0-2: Ball
1-2: Fly out, F9 (Flyball, 9LM, EV 103.8 MPH)
Batting: RHB Gary Gaetti 0-0: Called Strike
0-1: Ball
1-1: Swinging Strike
1-2: Strikes out swinging, 2-3 out at first.
Top of the 7th over - 0 runs, 0 hits, 0 errors, 0 left on base; Los Angeles 6 - Houston 0
BOTTOM OF THE 7TH
Houston Astros batting - Pitching for Los Angeles Dodgers : RHP Mike Scott
Batting: RHB John Castino 0-0: Swinging Strike
0-1: SINGLE (Groundball, 56D, EV 96.9 MPH)
Batting: LHB Jose Cruz 0-0: Ball
1-0: Called Strike
1-1: Ball
2-1: Called Strike
2-2: DOUBLE (Line Drive, 7LS, EV 112.5 MPH)
John Castino to third
Runner from 3rd tries for Home, SAFE, no throw by LF
Batting: RHB Julio Franco 0-0: Called Strike
0-1: Ball
1-1: Fly out, F8 (Line Drive, 8LD, EV 94.4 MPH)
Batting: SHB Christopher Clark 0-0: Swinging Strike
0-1: Called Strike
0-2: Strikes out swinging
Batting: RHB Zail Smith 0-0: Ball
1-0: Ball
2-0: Fly out, F8 (Line Drive, 8LM, EV 90.0 MPH)
Bottom of the 7th over - 1 run, 2 hits, 0 errors, 1 left on base; Los Angeles 6 - Houston 1
TOP OF THE 8TH
Los Angeles Dodgers batting - Pitching for Houston Astros : RHP Gilberto Mendoza
Batting: SHB Chris W Smith 0-0: Called Strike
0-1: Ball
1-1: Ground out 5-3 (Groundball, 56, EV 104.4 MPH)
Batting: RHB Toby Harrah 0-0: Ball
1-0: Ball
2-0: Ground out 6-3 (Groundball, 6, EV 103.1 MPH)
Batting: RHB Roberto Reyes 0-0: Ball
1-0: Foul Ball, location: 2F
1-1: Foul Ball, location: 2F
1-2: SINGLE (Groundball, 34S, EV 74.4 MPH) (infield hit)
Batting: RHB Mike Scott 0-0: Ball
Wild Pitch!
Roberto Reyes to second
1-0: Fly out, F9 (Line Drive, 9, EV 89.4 MPH)
Top of the 8th over - 0 runs, 1 hit, 0 errors, 1 left on base; Los Angeles 6 - Houston 1
BOTTOM OF THE 8TH
Houston Astros batting - Pitching for Los Angeles Dodgers : RHP Mike Scott
Batting: RHB Dave Valle 0-0: Foul Ball, location: 2F
0-1: Called Strike
0-2: Ball
1-2: Foul Ball, location: 2F
1-2: Ball
2-2: Ball
3-2: Foul Ball, location: 2F
3-2: SINGLE (Line Drive, 4MD, EV 100.0 MPH)
Batting: RHB Ricky Adams 0-0: Foul Ball, location: 2F
0-1: Ball
1-1: Ball
2-1: Foul Ball, location: 2F
2-2: Grounds into double play, 5-4-3 (Groundball, 56, EV 92.5 MPH)
Pinch Hitting: LHB George Vukovich 0-0: Called Strike
0-1: Foul Ball, location: 2F
0-2: Ball
1-2: Strikes out swinging
Bottom of the 8th over - 0 runs, 1 hit, 0 errors, 0 left on base; Los Angeles 6 - Houston 1
TOP OF THE 9TH
Los Angeles Dodgers batting - Pitching for Houston Astros : RHP Gilberto Mendoza
Pitching: LHP Richard Thompson
Batting: RHB Billy Sample 0-0: Called Strike
0-1: Ball
1-1: SINGLE (Groundball, 56D, EV 94.4 MPH)
Batting: RHB Carney Lansford 0-0: Ball
1-0: Called Strike
1-1: Swinging Strike
1-2: Hit by Pitch
Billy Sample to second
Batting: RHB Dick Davis 0-0: Foul Ball, location: 2F
0-1: Foul Ball, location: 2F
0-2: Ball
1-2: Ball
2-2: Ball
3-2: Base on Balls
Billy Sample to third
Carney Lansford to second
Batting: RHB Jerry Keller 0-0: Swinging Strike
0-1: Swinging Strike
0-2: Ball
1-2: Strikes out looking
Batting: RHB Gary Gaetti 0-0: Ball
1-0: Called Strike
1-1: Ball
2-1: Foul Ball, location: 2F
2-2: Foul Ball, location: 2F
2-2: Foul Ball, location: 2F
2-2: Strikes out swinging
Pitching: RHP Freddy Guerrero
Batting: SHB Chris W Smith 0-0: Ball
1-0: Ball
2-0: Foul Ball, location: 2F
2-1: Swinging Strike
2-2: Foul Ball, location: 2F
2-2: Ball
3-2: Foul Ball, location: 2F
3-2: Base on Balls
Billy Sample scores
Carney Lansford to third
Dick Davis to second
Batting: RHB Toby Harrah 0-0: Foul Ball, location: 2F
0-1: Fly out, F8 (Flyball, 8LS, EV 93.1 MPH)
Top of the 9th over - 1 run, 1 hit, 0 errors, 3 left on base; Los Angeles 7 - Houston 1
BOTTOM OF THE 9TH
Houston Astros batting - Pitching for Los Angeles Dodgers : RHP Mike Scott
Batting: RHB Mickey Hatcher 0-0: Ball
1-0: Ground out 5-3 (Groundball, 15, EV 93.8 MPH)
Batting: RHB John Castino 0-0: Called Strike
0-1: Called Strike
0-2: Ball
1-2: Fly out, F8 (Flyball, 8RS, EV 88.8 MPH)
Batting: LHB Jose Cruz 0-0: Ball
1-0: Ball
2-0: Foul Ball, location: 2F
2-1: Ball
3-1: Base on Balls
Batting: RHB Julio Franco 0-0: Called Strike
0-1: Ball
1-1: Foul Ball, location: 2F
1-2: Foul Ball, location: 2F
1-2: Strikes out swinging
Bottom of the 9th over - 0 runs, 0 hits, 0 errors, 1 left on base; Los Angeles 7 - Houston 1
Tuesday, July 21st, 2020 - OOTP Baseball 21.4 Build 63